 Dungeon Crawl Stone Soup version 0.16.1-14-g82efdee (webtiles) character file.

85 karlm the Conjurer (level 4, -2/36 HPs)
             Began as a Naga Wizard on Apr 11, 2015.
             Killed from afar by a white imp (4 damage)
             ... with a puff of frost
             ... summoned by Natasha
             ... on level 3 of the Dungeon.
             The game lasted 00:05:27 (2689 turns).

karlm the Conjurer (Naga Wizard)                    Turns: 2689, Time: 00:05:28

Health: -2/36      AC:  3    Str: 10    XL:     4   Next: 48%
Magic:  1/9        EV:  9    Int: 19    God:
Gold:   89         SH:  0    Dex:  9    Spells: 3 memorised, 3 levels left

rFire  . . .     SeeInvis +     k - +0 dagger (venom)
rCold  . . .     Clarity  .     a - +0 robe
rNeg   . . .     SustAb   .     (no shield)
rPois  +         Gourm    .     r - +0 helmet
rElec  .         Spirit   .     (no cloak)
rCorr  .         Warding  .     (no gloves)
rMut   .         Stasis   .     (no barding)
MR     .....                    (no amulet)
Stlth  ++........               (no ring)
                                (no ring)

@: very slow, not resistant to hostile enchantments, unstealthy
A: spit poison, see invisible, deformed body, poison resistance, slowness 2, AC
+1
a: Spit Poison


You were on level 3 of the Dungeon.
You were not hungry.

You visited 1 branch of the dungeon, and saw 3 of its levels.

You collected 89 gold pieces.

Inventory:

Hand weapons
 k - a +0 dagger of venom (weapon)
 v - a +0 trident
Missiles
 j - 141 stones (quivered)
 o - 41 poisoned needles
Armour
 a - a +0 robe (worn)
 r - a +0 helmet (worn)
Magical devices
 q - a wand of teleportation (1)
Scrolls
 e - a scroll of enchant armour {unknown}
 f - 3 scrolls of identify {unknown}
 g - 3 scrolls of fear {unknown}
 l - a scroll of immolation {unknown}
 m - 2 scrolls of recharging {unknown}
 s - a scroll of remove curse {unknown}
Potions
 n - a potion of degeneration {unknown}
 p - a potion of flight {unknown}
 u - a potion of curing {unknown}
 w - a potion of heal wounds {unknown}
Books
 c - a book of Minor Magic

   Spells                             Type                      Level
   a - Magic Dart                     Conjuration                  1
   b - Blink                          Translocation                2
   c - Call Imp                       Summoning                    2
   d - Repel Missiles                 Charms/Air                   2
   e - Slow                           Hexes                        2
   f - Conjure Flame                  Conjuration/Fire             3
   g - Mephitic Cloud                 Conjuration/Poison/Air       3
Comestibles
 d - 2 bread rations
 i - 2 meat rations
 t - 3 fruits


   Skills:
 - Level 1.5 Dodging
 - Level 3.0 Stealth
 - Level 3.0 Spellcasting
 + Level 3.5 Conjurations
 - Level 1.0 Summonings
   Level 1.0 Translocations
 + Level 2.5 Poison Magic


You had 3 spell levels left.
You knew the following spells:

 Your Spells              Type           Power        Failure   Level  Hunger
a - Magic Dart            Conj           ###.         4%          1    None
b - Call Imp              Summ           #.......     17%         2    ##.....
c - Mephitic Cloud        Conj/Pois/Air  ##......     21%         3    ###....


Dungeon Overview and Level Annotations

Branches:
Dungeon (3/15)

Altars:
Qazlal
Yredelemnul

Annotations:
D:3 Natasha


Innate Abilities, Weirdness & Mutations

You cannot wear boots.
You can spit poison.
Your serpentine skin is tough (AC +1).
You have supernaturally acute eyesight.
Armour fits poorly on your strangely shaped body.
Your system is resistant to poisons.
You cover ground very slowly.


Message History

Press: ? - help, Shift-Dir - straight line, f/p - Natasha
Aim: Natasha (moderately wounded)
The magic dart hits Natasha.
Natasha is heavily wounded.
Natasha claws you!
* * * LOW HITPOINT WARNING * * *
The white imp gestures at you. The puff of frost hits your white imp.
Your white imp completely resists.
Your white imp barely misses the white imp.
Use which ability? (? or * to list)
Press: ? - help, Shift-Dir - straight line, f/p - Natasha
Aim: Natasha (heavily wounded)
Okay, then.
Your white imp disappears in a puff of smoke!
Natasha claws you.
* * * LOW HITPOINT WARNING * * *
The white imp gestures at you. The puff of frost hits you!
You die...

#. #...##...#
#.###....#...##
#......_[.....#
##...)#....###)#
......##...# #.#
.........### #.#####
.........# #.....######
.....)...#####............
......#.........@.#^#.###
.................h^?^.#
.....)#..........ยง#^#....
.................5...! ..
.........#...........##
......#......#....##<#
...................#..
......##.........#.. #
......##...........#


You could see Natasha and a white imp.

Vanquished Creatures
  An adder (D:3)
  2 giant cockroaches (D:2)
  4 hobgoblins
  A jackal (D:1)
  3 kobolds
  2 bats
  2 giant geckos (D:1)
  A giant newt (D:2)
  6 goblins (D:1)
  5 rats
27 creatures vanquished.

Vanquished Creatures (collateral kills)
  Sigmund (D:2)
  2 worms
  A hobgoblin (D:1)
  5 jackals
  A kobold (D:3)
  A quokka (D:3)
  A giant newt (D:3)
12 creatures vanquished.

Vanquished Creatures (others)
  A shadow imp (D:2)
1 creature vanquished.

Grand Total: 40 creatures vanquished

Notes
Turn   | Place    | Note
--------------------------------------------------------------
     0 | D:1      | karlm, the Naga Wizard, began the quest for the Orb.
     0 | D:1      | Reached XP level 1. HP: 15/15 MP: 4/4
   272 | D:1      | Reached XP level 2. HP: 16/22 MP: 6/6
   393 | D:1      | Learned a level 2 spell: Call Imp
  1154 | D:2      | Noticed Sigmund
  1263 | D:2      | Reached XP level 3. HP: 28/28 MP: 7/7
  1271 | D:2      | Learned a level 3 spell: Mephitic Cloud
  1277 | D:2      | Found a stormy altar of Qazlal.
  2039 | D:2      | Killed Sigmund
  2039 | D:2      | Reached XP level 4. HP: 10/36 MP: 1/9
  2626 | D:3      | Found a basalt altar of Yredelemnul.
  2655 | D:3      | Noticed Natasha
  2689 | D:3      | Killed from afar by a white imp

Action                   |  1- 3 |  4- 6 || total
-------------------------+-------+-------++-------
Melee: Dagger            |    49 |    12 ||    61
 Cast: Call Imp          |    23 |    12 ||    35
       Magic Dart        |     7 |     3 ||    10
 Abil: Spit Poison       |     2 |       ||     2
  Eat: Chunk             |     2 |     4 ||     6
       Beef jerky        |     1 |       ||     1
